 Dungeon Crawl Stone Soup version 0.29.1-15-g9cfb28693d (webtiles) character file.

Game seed: 16412024207285484935

74 Hugehornet the Trooper (level 4, -1/43 HPs)
             Began as a Gargoyle Fighter on Mar 16, 2023.
             Slain by Crazy Yiuf
             ... wielding a +4 quarterstaff of chaos
              (4 damage)
             ... on level 2 of the Dungeon.
             The game lasted 00:02:59 (2041 turns).

Hugehornet the Trooper (Gargoyle Fighter)           Turns: 2041, Time: 00:02:59

Health: -1/43      AC: 22    Str: 20    XL:     4   Next: 28%
Magic:  4/4        EV:  2    Int: 10    God:
Gold:   262        SH:  4    Dex:  9    Spells: 3/3 levels left

rFire   . . .      SeeInvis .   a - +0 flail
rCold   . . .      Faith    .   c - +0 buckler
rNeg    + . .      Spirit   .   (body armour currently unavailable)
rPois   ∞          Reflect  .   (helmet currently unavailable)
rElec   .          Harm     .   (cloak currently unavailable)
rCorr   .          Rampage  .   (gloves currently unavailable)
Will    .....      NoTele   +   (boots currently unavailable)
Stlth   +.........              (no amulet)
HPRegen 0.14/turn               (no ring)
MPRegen 0.09/turn               (no ring)

@: mighty, tree-form, hasted, very quick
A: stationary, stasis, torment immunity, boosted hp, sickness immunity, AC +3,
negative energy resistance 1, (electricity resistance), torment resistance 1,
petrification resistance
a: no special abilities


You were on level 2 of the Dungeon.
You were a tree.
You visited 1 branch of the dungeon, and saw 2 of its levels.

You collected 262 gold pieces.

Inventory:

Hand Weapons
 a - a +0 flail (weapon)
Armour
 b - a +0 scale mail
 c - a +0 buckler (worn)
 m - a +0 pair of boots (melded)
 o - a +0 scale mail (melded)
Scrolls
 g - a scroll of amnesia {unknown}
 h - a scroll of summoning {unknown}
 j - 2 scrolls of teleportation {unknown}
 k - a scroll of fog {unknown}
 l - 2 scrolls of vulnerability {unknown}
 p - 2 scrolls of identify {unknown}
 q - a scroll of blinking {unknown}
Potions
 d - 2 potions of might
 e - 2 potions of haste
 f - a potion of lignification
 i - a potion of mutation {unknown}
 n - a potion of curing {unknown}
 r - a potion of degeneration {unknown}


   Skills:
 + Level 4.0 Fighting
 + Level 2.7 Maces & Flails
 + Level 3.9 Armour
 + Level 3.9 Shields


You had 3 spell levels left.
You didn't know any spells.
Your spell library was empty.

Dungeon Overview and Level Annotations

Branches:
Dungeon (2/15)

Altars:

Annotations:
D:2 Crazy Yiuf


Innate Abilities, Weirdness & Mutations

You are a tree.
Your roots penetrate the ground, keeping you stationary.
You cannot be teleported.
You are immune to unholy pain and torment.
Your maximum health is greatly increased.
Your equipment is partially melded.
You are immune to sickness and miasma.
((Your stone body is resilient. (AC +3)))
You are immune to poison.
You resist negative energy. (rN+)
((You are resistant to electric shocks. (rElec)))
You are resistant to unholy torment.
You are immune to petrification.


Message History

A rat is nearby!
You block the rat's attack.
You barely miss the rat. You block the rat's attack.
You barely miss the rat. The rat barely misses you.
You closely miss the rat. You block the rat's attack.
The rat bites you but does no damage.
You hit the rat but do no damage. The rat bites you but does no damage.
You closely miss the rat. The rat barely misses you.
You sock the rat!
You kill the rat!
No target in view!
No target in view!
You see here a rat corpse.
You see here a rat corpse.
There is a stone staircase leading up here.
There is a stone staircase leading down here.
Crazy Yiuf shouts!
Crazy Yiuf cries, "Aardvark hand cloud!"
Could not explore, unopened runed door.
Could not explore, unopened runed door.
You open the door. You barely miss Crazy Yiuf.
Crazy Yiuf hits you with a +4 quarterstaff of chaos!
Crazy Yiuf burns you.
Crazy Yiuf hits you with a +4 quarterstaff of chaos!
* * * LOW HITPOINT WARNING * * *
You feel very mighty all of a sudden.
You are too injured to fight recklessly!
You are too injured to fight recklessly!
You are too injured to fight recklessly!
It was a potion of haste.
You feel yourself speed up.
Crazy Yiuf screams, "Leather arga disdain!"
You block Crazy Yiuf's attack.
It was a potion of lignification.
You turn into a tree.
Your +0 pair of boots melds into your body.
Your +0 scale mail melds into your body.
Your roots penetrate the ground.
You closely miss Crazy Yiuf. Crazy Yiuf hits you but does no damage.
Space warps around you.
You die...

#### #### #..#
######..##♣♣ ### #.##
.....#..#..♣♣ ♣♣#..)# #.#
.....#......♣♣♣♣♣g...# #.#
.....#.......♣..♣#...# #.#
.....#..#...♣.♣♣♣ ### #.#
.....'..##♣♣♣♣♣ #.#
.....#..# #.#
.....#..###### #.#
######.......# #.#
#.).######## #.#
###.#.##################.#


You could see Crazy Yiuf.

Vanquished Creatures
  A gnoll (D:1)
  2 adders (D:2)
  A dart slug (D:1)
  6 endoplasms
  A giant cockroach (D:1)
  4 goblins
  2 hobgoblins
  5 kobolds
  2 quokkas (D:2)
  6 ball pythons
  3 bats
  3 frilled lizards
  8 rats
44 creatures vanquished.

Notes
Turn   | Place    | Note
-------+----------+-------------------------------------------
     0 | D:1      | Hugehornet the Gargoyle Fighter began the quest for the
                  | Orb.
     0 | D:1      | Reached XP level 1. HP: 14/14 MP: 1/1
   272 | D:1      | Reached XP level 2. HP: 19/19 MP: 2/2
   744 | D:1      | Reached XP level 3. HP: 14/24 MP: 3/3
  1487 | D:2      | Reached XP level 4. HP: 22/29 MP: 4/4
  1739 | D:2      | Found a runed translucent door.
  1740 | D:2      | Noticed Crazy Yiuf
  1766 | D:2      | Reached skill level 4 in Fighting
  2041 | D:2      | Slain by Crazy Yiuf

Illustrated notes

Levels and vault maps discovered:
D:1:      scummos_arrival_simple_crosswalls, layout_basic, minmay_box_of_dots
D:2:      layout_basic, uniq_crazy_yiuf_cottage

Skill      XL: |  1  2  3  4 |
---------------+-------------+-----
Fighting       | 4 |  4.0
Maces & Flails | |  2.7
Armour         | |  3.9
Shields        | |  3.9

Action                   |  1- 3 |  4- 6 || total
-------------------------+-------+-------++-------
Melee: Flail             |    99 |    29 ||   128
  Use: Potion            |       |     2 ||     2
Armor: Scale mail        |    55 |    14 ||    69
       Skin              |       |     1 ||     1
Dodge: Dodged            |    61 |    16 ||    77
Block: Buckler           |    26 |     7 ||    33
